 Dungeon Crawl Stone Soup version 0.19.1 (webtiles) character file.

446 Lionyx the Ducker (level 6, -1/61 HPs)
             Began as a Troll Monk on Dec 7, 2016.
             Slain by a wight
             ... wielding a +3 great sword
              (4 damage)
             ... on level 6 of the Dungeon.
             The game lasted 00:22:08 (2433 turns).

Lionyx the Ducker (Troll Monk)                      Turns: 2433, Time: 00:22:09

Health: -1/61      AC:  5    Str: 22      XL:     6   Next: 73%
Magic:  5/5        EV: 15    Int:  9      God:
Gold:   174        SH:  0    Dex: 10 (12) Spells: 0 memorised, 5 levels left

rFire  . . .     SeeInvis .     o - +0 trident
rCold  . . .     Gourm    +     w - +0 robe
rNeg   . . .     Faith    .     (no shield)
rPois  .         Spirit   .     (helmet restricted)
rElec  .         Reflect  .     (no cloak)
rCorr  .         Harm     .     (gloves unavailable)
MR     .....                    (boots unavailable)
Stlth  +.........               (no amulet)
                                C - +3 ring of intelligence
                                q - +5 ring of evasion

@: flying, heavily drained
A: unfitting armour, claws 3, fast metabolism 3, gourmand, regeneration 1,
shaggy fur 1, tough skin 2
a: no special abilities


You were on level 6 of the Dungeon.
You were not hungry.

You visited 1 branch of the dungeon, and saw 6 of its levels.

You collected 174 gold pieces.

Inventory:

Hand Weapons
 c - a +0 club
 e - a +0 short sword
 f - a +0 club
 g - a +0 hunting sling
 h - a +0 spear
 k - a +0 club
 l - a +0 club
 m - a +0 hunting sling
 o - a +0 trident (weapon)
 s - a +0 hand axe
 u - a +0 hand axe
 A - a cursed -3 whip
 F - a +0 shortbow
Missiles
 b - 7 curare-tipped needles
 d - 42 arrows
 n - 46 sling bullets
Armour
 a - a +0 robe
 p - a +0 scale mail
 r - a +0 leather armour
 v - a +0 chain mail
 w - a +0 robe (worn)
 z - a +0 plate armour
Jewellery
 q - a +5 ring of evasion (left claw)
 C - a +3 ring of intelligence (right claw)
Scrolls
 i - 3 scrolls of identify
 t - 2 scrolls of remove curse
 y - 3 scrolls of noise
Potions
 E - a potion of brilliance {unknown}
Comestibles
 x - a fruit
 D - a meat ration
 G - 4 chunks of flesh


   Skills:
 + Level 3.3(1.0) Fighting
 + Level 3.3(1.0) Polearms
 + Level 4.0(1.7) Dodging
 + Level 1.2(0.0) Stealth
 + Level 3.8(1.5) Unarmed Combat


You had 5 spell levels left.
You didn't know any spells.

Dungeon Overview and Level Annotations

Branches:
Dungeon (6/15)
 Temple: D:4-7

Altars:

Shops:
D:6 (

Annotations:
D:3 Philosophy's ghost, amateur FoFi


Innate Abilities, Weirdness & Mutations

You are too large for most types of armour.
You have claws for hands.
Your metabolism is lightning-fast.
You like to eat raw meat.
Your natural rate of healing is unusually fast.
You are covered in fur. (AC +1)
You have very tough skin. (AC +2)


Message History

* * * LOW HITPOINT WARNING * * *
The wight hits you with a dagger.
* * * LOW HITPOINT WARNING * * *
You feel better.
The wight hits you with a scimitar of electrocution!
* * * LOW HITPOINT WARNING * * *
The wight barely misses you.
The wight hits you from afar with a spear.
* * * LOW HITPOINT WARNING * * *
You feel drained.
* * * LOW HITPOINT WARNING * * *
The wight closely misses you. The wight hits you with a dagger.
* * * LOW HITPOINT WARNING * * *
You feel drained.
It was a potion of flight.
You feel very buoyant.
You fly up into the air.
The wight hits you with an enchanted great sword.
You die...

#......# .........#......#
...!.....#.....############
.........#.....##....#..#.###
...>.?...#...................
.........#...................
.(.......#...................
.........#zz.................
.........zzz@................
.........#...................
##...>...#.....##......##....
#.......#.....##......# #+##
#.......#......#......#
#.......+......#......# ...
+.......#......#......#.....
#.....>.#......+∩.∩.(.#.....
#.............#.....


You could see 5 wights.

Vanquished Creatures
  A centaur (D:6)
  A scorpion (D:4)
  A crimson imp (D:6)
  A quasit (D:5)
  2 hounds (D:4)
  A bullfrog zombie (D:5)
  A bullfrog skeleton (D:4)
  Terence (D:2)
  An orc wizard (D:5)
  4 adders
  2 worms
  2 leopard geckos
  5 orcs (D:5)
  2 bats
  2 giant cockroaches (D:3)
  4 goblins
  5 hobgoblins
  A frilled lizard (D:3)
  A kobold (D:1)
  5 rats
  A bush (D:3)
  A plant (D:3)
45 creatures vanquished.

Vanquished Creatures (others)
  A bush (D:3)
1 creature vanquished.

Grand Total: 46 creatures vanquished

Notes
Turn   | Place    | Note
-------+----------+-------------------------------------------
     0 | D:1      | Lionyx the Troll Monk began the quest for the Orb.
     0 | D:1      | Reached XP level 1. HP: 22/22 MP: 0/0
   338 | D:1      | Reached XP level 2. HP: 23/29 MP: 1/1
   547 | D:2      | Noticed Terence
   564 | D:2      | Killed Terence
   564 | D:2      | Reached XP level 3. HP: 23/36 MP: 2/2
   663 | D:3      | Reached skill level 3 in Dodging
  1282 | D:3      | Reached XP level 4. HP: 40/44 MP: 3/3
  1347 | D:3      | Noticed Philosophy's ghost (amateur FoFi)
  1463 | D:4      | Reached skill level 1 in Polearms
  1477 | D:4      | Reached XP level 5. HP: 30/52 MP: 4/4
  1839 | D:5      | Entered Level 5 of the Dungeon
  2076 | D:5      | Reached XP level 6. HP: 61/61 MP: 5/5
  2256 | D:6      | Found Duddevve's Weapon Shop.
  2304 | D:6      | Reached skill level 4 in Dodging
  2431 | D:6      | HP: 2/61 [wight/dagger (5)]
  2433 | D:6      | Slain by a wight

Skill      XL: |  1  2  3  4  5  6 |
---------------+-------------------+-----
Dodging        | 3 4 |  4.0
Polearms       | 1 2 3 |  3.3
Fighting       | 3 |  3.3
Stealth        | |  1.2
Unarmed Combat | |  3.8

Action                   |  1- 3 |  4- 6 || total
-------------------------+-------+-------++-------
Melee: Unarmed           |    53 |       ||    53
       Punch             |     3 |     3 ||     6
       Trident           |   158 |   173 ||   331
  Use: Scroll            |     2 |     3 ||     5
       Potion            |       |     4 ||     4
  Eat: Chunk             |     4 |     2 ||     6
       Bread ration      |     2 |     1 ||     3
       Fruit             |       |     2 ||     2
Armor: Robe              |    35 |    60 ||    95
Dodge: Dodged            |    99 |   204 ||   303
